 Dungeon Crawl Stone Soup version 0.26-a0-667-g92642533e4 (webtiles) character file.

Game seed: 7287396043580803234

4830 jasper the Skirmisher (level 10, -16/53 HPs)
             Began as a Vine Stalker Wanderer on Oct 17, 2020.
             Was an Elder of Cheibriados.
             Demolished by a two-headed ogre
             ... wielding a +0 giant club
              (19 damage)
             ... on level 9 of the Dungeon.
             The game lasted 00:17:46 (9921 turns).

jasper the Skirmisher (Vine Stalker Wanderer)       Turns: 9921, Time: 00:17:47

Health: -16/53     AC:  6    Str: 25    XL:     10   Next: 49%
Magic:  0/18       EV: 17    Int: 23    God:    Cheibriados [****..]
Gold:   434        SH:  0    Dex: 26    Spells: 2/19 levels left

rFire    . . .     SeeInvis .     - Unarmed
rCold    . . .     Faith    .   (no shield)
rNeg     . . .     Spirit   +   d - +0 robe
rPois    .         Reflect  .   q - +0 helmet
rElec    .         Harm     .   o - +0 cloak (curse)
rCorr    +         Rampage  .   J - +0 pair of gloves
MR       +....                  f - +0 pair of boots
Stlth    +++.......             (no amulet)
HPRegen  0.57/turn              j - ring of wizardry
MPRegen  0.16/turn              y - ring of resist corrosion

@: very slow
A: fangs 3, regeneration 1, magic shield, antimagic bite, no potion heal 3, rot
immunity
a: Bend Time, Temporal Distortion, Slouch, Renounce Religion


You were on level 9 of the Dungeon.
You worshipped Cheibriados.
Cheibriados was greatly pleased with you.
You visited 2 branches of the dungeon, and saw 10 of its levels.

You collected 434 gold pieces.

Inventory:

Hand Weapons
 e - a +0 dagger
 H - the +9 heavy crossbow "Sniper" {vorpal, Acc+∞ SInv}
   (You found it on level 7 of the Dungeon)

   Any bolt fired from it inflicts extra damage.
   It lets you see invisible.
Missiles
 g - 285 stones (quivered)
 p - 50 poisoned darts
 I - 46 bolts
 O - a throwing net
Armour
 d - a +0 robe (worn)
 f - a +0 pair of boots (worn)
 i - a scarf of invisibility
 o - a cursed +0 cloak (worn)
 q - a +0 helmet (worn)
 J - a +0 pair of gloves (worn)
Magical Staves
 G - an uncursed staff of earth
Jewellery
 a - a +6 ring of intelligence
 j - a ring of wizardry (left hand)
 l - an uncursed ring of stealth
 y - a ring of resist corrosion (right hand)
 z - an uncursed ring of positive energy
 C - an uncursed ring of positive energy
 L - an uncursed amulet of reflection {unknown}
Wands
 k - a wand of polymorph (19)
 E - a wand of digging (6)
Scrolls
 b - 5 scrolls of remove curse
 c - 3 scrolls of teleportation
 m - 3 scrolls of amnesia {unknown}
 u - a scroll of vulnerability {unknown}
 v - a scroll of noise {unknown}
 A - a scroll of blinking
 D - 2 scrolls of enchant weapon {unknown}
 F - 3 scrolls of identify
 K - a scroll of fog {unknown}
Potions
 h - 2 potions of degeneration
 n - 2 potions of haste
 r - 2 potions of berserk rage
 s - a potion of flight
 t - 2 potions of curing
 w - 2 potions of ambrosia {unknown}
 x - a potion of stabbing {unknown}
 B - a potion of brilliance {unknown}
 M - 2 potions of magic {unknown}
 N - a potion of heal wounds {unknown}


   Skills:
 + Level 6.5 Fighting
 - Level 1.0 Throwing
 + Level 5.0 Dodging
 - Level 3.6 Stealth
 + Level 6.0 Unarmed Combat
 - Level 5.0 Spellcasting
 - Level 3.0 Conjurations
 - Level 5.5 Transmutations
   Level 1.0 Fire Magic
 - Level 3.0 Poison Magic
 * Level 5.5 Invocations


You had 2 spell levels left.
You knew the following spells:

 Your Spells              Type           Power        Failure   Level
a - Sting                 Tmut/Pois      ####         1%          1
b - Spider Form           Tmut/Pois      ####......   1%          3
c - Passwall              Tmut/Erth      ###.....     1%          2
d - Borgnjor's Vile Clut  Necr/Erth      #.........   67%         5
e - Freezing Cloud        Conj/Ice/Air   ##........   97%         6

Your spell library contained the following spells:

 Spells                   Type           Power        Failure   Level
 Freeze                   Ice            #...         4%          1
 Simulacrum               Ice/Necr       #.........   99%         6


Dungeon Overview and Level Annotations

Branches:
Dungeon (9/15)             Temple (1/1) D:4             Orc (0/2) D:9
   Lair: D:8-11

Altars:
Ashenzari
Cheibriados
Dithmenos
Elyvilon
Fedhas
Gozag
Hepliaklqana
Kikubaaqudgha
Makhleb
Nemelex Xobeh
Okawaru
Qazlal
Ru
Sif Muna
Trog
Uskayaw
Vehumet
Wu Jian
Xom
Yredelemnul
Zin
The Shining One

Annotations:
D:6 2 runed translucent doors, Whiskey's ghost, novice FoFi
D:9 exclusion: hydra


Innate Abilities, Weirdness & Mutations

You have razor-sharp teeth.
Your natural rate of healing is unusually fast.
When hurt, damage is shared between your health and your magic reserves.
Your bite disrupts and absorbs the magic of your enemies.
Potions cannot restore your health.
You are immune to rotting.


Message History

The two-headed ogre is heavily wounded.
The two-headed ogre barely misses you.
The two-headed ogre hits you with a +0 giant club!
* * * LOW HITPOINT WARNING * * *
You take 9 damage, and have 9/53 hp.
You now have 6/18 mp.
You punch the two-headed ogre!
You bite the two-headed ogre, but do no damage.
The two-headed ogre is severely wounded.
You barely miss the two-headed ogre. You bite the two-headed ogre!
You drain its power.
You feel invigorated.
The two-headed ogre is almost dead.
The two-headed ogre misses you. The two-headed ogre barely misses you.
You regained 6 mp, and now have 12/18 mp.
You hit the two-headed ogre.
You bite the two-headed ogre, but do no damage.
The two-headed ogre is almost dead.
The two-headed ogre hits you with a +0 giant club!
* * * LOW HITPOINT WARNING * * *
The two-headed ogre hits you with a +0 giant club!!
You die...

#P..#####
#.!.# #...#
#...######
#.........
#..(.#####
#....#
#....#####.##
#....@O...)..
##>..###.#.##
#.... #.#.##
#.....
#.#.### #.._
#.


You could see a two-headed ogre.

Vanquished Creatures
  A hornet (D:8)
  A wyvern (D:9)
  A wraith (D:7)
  A warg (D:9)
  An acid dragon (D:7)
  A water moccasin (D:8)
  2 ice beasts (D:5)
  An orc warrior (D:7)
  A black bear (D:7)
  3 phantoms
  A sky beast (D:7)
  7 ogres
  2 centaurs
  2 big kobolds
  5 bullfrogs
  A wyvern skeleton (D:8)
  4 scorpions
  5 killer bees (D:8)
  3 wights (D:8)
  2 howler monkeys
  A bullfrog skeleton (D:4)
  2 bullfrog zombies (D:7)
  3 centaur skeletons
  3 orc priests
  4 hounds
  2 iguanas
  6 orc wizards
  2 gnoll shamans
  10 worker ants
  A killer bee zombie (D:6)
  A hound zombie (D:7)
  3 hound skeletons
  Robin (D:3)
  A howler monkey zombie (D:2)
  A worker ant zombie (D:8)
  8 gnolls
  14 adders
  2 shadow imps (D:6)
  A white imp (D:7)
  An ufetubus (D:6)
  2 adder skeletons (D:7)
  9 worms
  A dart slug (D:5)
  8 leopard geckos
  19 orcs
  4 ball pythons
  6 giant cockroaches
  13 hobgoblins
  2 jackals (D:8)
  5 quokkas
  A ball python skeleton (D:4)
  9 bats
  6 frilled lizards
  18 goblins
  12 kobolds
  A leopard gecko skeleton (D:5)
  A quokka zombie (D:7)
  12 rats
241 creatures vanquished.

Notes
Turn   | Place    | Note
-------+----------+-------------------------------------------
     0 | D:1      | jasper the Vine Stalker Wanderer began the quest for the
                  | Orb.
     0 | D:1      | jasper set off with the following items: a +2 spear, a
                  | scroll of teleportation, a +0 robe, a +0 dagger; and the
                  | following spell memorised: Sting; and the following spells
                  | available to memorise: Spider Form
     0 | D:1      | Reached XP level 1. HP: 10/10 MP: 3/3
    49 | D:1      | Reached XP level 2. HP: 6/14 MP: 2/4
   267 | D:1      | Reached skill level 1 in Transmutations
   916 | D:2      | Reached XP level 3. HP: 18/18 MP: 3/5
  1228 | D:2      | Gained mutation: Your natural rate of healing is unusually
                  | fast. [Vine Stalker growth]
  1228 | D:2      | Reached XP level 4. HP: 11/23 MP: 1/6
  1645 | D:2      | HP: 1/23 [poisoned by a hobgoblin]
  1800 | D:2      | Learned a level 3 spell: Spider Form
  2287 | D:3      | Reached skill level 1 in Poison Magic
  2287 | D:3      | Reached XP level 5. HP: 26/27 MP: 5/7
  2407 | D:3      | Noticed Robin
  2497 | D:3      | Killed Robin
  3304 | D:4      | Reached XP level 6. HP: 12/32 MP: 3/8
  3641 | D:4      | Reached skill level 1 in Unarmed Combat
  3829 | D:4      | Found a staircase to the Ecumenical Temple.
  3838 | D:4      | Reached skill level 1 in Dodging
  3838 | D:4      | Reached XP level 7. HP: 28/37 MP: 4/11
  3843 | Temple   | Entered the Ecumenical Temple
  3986 | Temple   | Became a worshipper of Cheibriados the Contemplative
  4070 | D:4      | Found a sacrificial altar of Ru.
  4370 | D:5      | Entered Level 5 of the Dungeon
  4385 | D:5      | Found a sparkling altar of Nemelex Xobeh.
  4761 | D:5      | Found a snail-covered altar of Cheibriados.
  5421 | D:5      | Found a stormy altar of Qazlal.
  5437 | D:5      | Gained mutation: You have razor-sharp teeth. [Vine Stalker
                  | growth]
  5437 | D:5      | Reached XP level 8. HP: 30/42 MP: 8/13
  5806 | D:6      | Reached * piety under Cheibriados
  5921 | D:6      | Found a shadowy altar of Dithmenos.
  5972 | D:6      | Found a glowing golden altar of the Shining One.
  6292 | D:6      | Found a large runed translucent door.
  6293 | D:6      | Found a large runed translucent door.
  6295 | D:6      | Noticed Whiskey's ghost (novice FoFi)
  6561 | D:7      | Reached skill level 5 in Transmutations
  6611 | D:6      | Reached skill level 5 in Fighting
  6629 | D:7      | Reached XP level 9. HP: 36/47 MP: 8/16
  6722 | D:7      | Reached ** piety under Cheibriados
  6874 | D:7      | HP: 1/47 [white imp/puff of frost (8)]
  7270 | D:7      | Reached skill level 1 in Invocations
  7536 | D:7      | Reached skill level 5 in Spellcasting
  7599 | D:7      | Found the +3 giant club "Skullcrusher" {speed, Str+7}
  7602 | D:7      | Found the +9 heavy crossbow "Sniper" {vorpal, Acc+∞ SInv}
  7603 | D:7      | Identified Genemoly's Collected Works on the Earthen
                  | Glacier
  7608 | D:7      | Learned a level 2 spell: Passwall
  7614 | D:7      | Learned a level 5 spell: Borgnjor's Vile Clutch
  7621 | D:7      | Learned a level 6 spell: Freezing Cloud
  8144 | D:7      | Reached skill level 5 in Unarmed Combat
  8285 | D:7      | Reached *** piety under Cheibriados
  8638 | D:8      | Noticed a hornet
  8648 | D:8      | Killed a hornet
  8648 | D:8      | Reached XP level 10. HP: 47/53 MP: 13/18
  9109 | D:8      | Reached **** piety under Cheibriados
  9177 | D:8      | Reached skill level 5 in Invocations
  9317 | D:8      | Found a blossoming altar of Fedhas.
  9751 | D:9      | Found a staircase to the Orcish Mines.
  9862 | D:9      | Noticed a seven-headed hydra
  9897 | D:9      | Found an ancient bone altar of Kikubaaqudgha.
  9897 | D:9      | Found a shimmering blue altar of Sif Muna.
  9897 | D:9      | Found a glowing silver altar of Zin.
  9902 | D:9      | Noticed a two-headed ogre
  9906 | D:9      | Reached skill level 5 in Dodging
  9908 | D:9      | Found a burning altar of Makhleb.
  9921 | D:9      | Demolished by a two-headed ogre

Illustrated notes

Levels and vault maps discovered:
D:1:      psy_arrival_whirlpool, layout_basic
D:2:      layout_basic, minmay_small_reverse_x
D:3:      layout_loops_corners, uniq_robin
D:4:      layout_cave_pools, minmay_temple_entry_glassed_door,
          nicolae_ru_great_annihilating_truth
D:5:      layout_basic, old_standard_altar, nemelex_xobeh_ov_fountains_minmay,
          cheibrodos_worm_habitat
D:6:      layout_basic, tso_metal_star,
          nicolae_dithmenos_through_a_glass_darkly, ebering_ghost_disaster_area,
          chequers_serial_rivers_small_a, serial_park_tiny_2
D:7:      minmay_the_grid_triangle_9x9_recursive_2
          [minmay_the_grid_triangle_9x9_prize_schism,
          minmay_the_grid_triangle_9x9_thin_v,
          minmay_the_grid_triangle_9x9_sparse_checkered,
          minmay_the_grid_triangle_9x9_flanged_cone], layout_loops_ring
D:8:      layout_basic, fedhas_altar_4
D:9:      layout_loops_ring, lemuel_crystal_altar,
          gammafunk_temple_overflow_forgotten, david_orc_3, serial_shops,
          shop_fountains
Temple:   jpeg_temple_clearing

Skill      XL: |  1  2  3  4  5  6  7  8  9 10 |
---------------+-------------------------------+-----
Transmutations | 1 2 3 4 5 |  5.5
Fighting       | 2 3 4 5 6 |  6.5
Poison Magic   | 1 2 3 |  3.0
Unarmed Combat | 1 2 3 5 6 |  6.0
Dodging        | 1 2 3 4 5 |  5.0
Spellcasting   | 2 4 5 |  5.0
Invocations    | 3 5 |  5.5
Throwing       | |  1.0
Stealth        | |  3.6
Conjurations   | |  3.0
Fire Magic     | |  1.0

Action                   |  1- 3 |  4- 6 |  7- 9 | 10-12 || total
-------------------------+-------+-------+-------+-------++-------
Melee: Spear             |    80 |   140 |   142 |       ||   362
       Bite              |    11 |    19 |    72 |    68 ||   170
       Unarmed           |       |    63 |   300 |   168 ||   531
       Punch             |       |     1 |     8 |     1 ||    10
 Fire: Heavy crossbow    |       |       |     1 |       ||     1
Throw: Stone             |       |     5 |       |       ||     5
 Cast: Sting             |    11 |    11 |       |       ||    22
       Spider Form       |       |    10 |    26 |     5 ||    41
  Use: Scroll            |     4 |       |     8 |       ||    12
       Potion            |       |       |     3 |       ||     3
 Stab: Sleeping          |    11 |    16 |    10 |     5 ||    42
       Distracted        |       |     1 |     1 |       ||     2
       Paralysed         |       |       |     1 |       ||     1
Armor: Robe              |     7 |    14 |    28 |    25 ||    74
       Skin              |       |     3 |    30 |     3 ||    36
Dodge: Dodged            |    33 |   104 |   332 |   144 ||   613

Table legend: (Time is in decaauts)
 A = Elapsed time spent in this place.
 B = Non-inter-level travel time spent in this place.
 C = Inter-level travel time spent in this place.
 D = Time resting spent in this place.
 E = Time spent auto-exploring this place.
 F = Levels seen in this place.
 G = Mean time per level.
                   A        B        C        D        E       F      G
               +--------+--------+--------+--------+--------+-----+--------+
         Total |  11664 |  10889 |    775 |    719 |   7946 |  10 | 1166.4 |
       Dungeon |  11495 |  10762 |    733 |    719 |   7830 |   9 | 1277.2 |
        Temple |    169 |    128 |     41 |      0 |    116 |   1 |  169.0 |
               +--------+--------+--------+--------+--------+-----+--------+

Top non-repeatable levels by time:
     D:7: 1904 daAuts
     D:2: 1664 daAuts
     D:8: 1618 daAuts
     D:5: 1516 daAuts
     D:6: 1305 daAuts
     D:3: 1272 daAuts
     D:4: 1025 daAuts
     D:1: 901 daAuts
     D:9: 287 daAuts
  Temple: 169 daAuts
